 Dungeon Crawl Stone Soup version 0.30-b1-2-g02819fbbbe (webtiles) character file.

Game seed: 12186515908399683368

85 seren the Covered (level 4, -3/40 HPs)
             Began as an Armataur Fighter on Jan 4, 2024.
             Succumbed to a gnoll's poison
             ... on level 2 of the Dungeon.
             The game lasted 00:03:31 (1355 turns).

seren the Covered (Armataur Fighter)                Turns: 1355, Time: 00:03:31

Health: -3/40      AC:  9    Str: 23    XL:     4   Next: 25%
Magic:  4/4        EV:  7    Int:  8    God:
Gold:   43         SH:  4    Dex: 10    Spells: 3/3 levels left

rFire   . . .        a - +0 flail
rCold   . . .        c - +0 buckler
rNeg    . . .        b - +0 scale mail
rPois   .            (no helmet)
rElec   .            f - +0 cloak
rCorr   .            s - +0 pair of gloves
SInv    .            (no barding)
Will    .....        (no amulet) Stlth
                     (no ring)
HPRegen 0.26/turn    (no ring)
MPRegen 0.09/turn

%: roll
@: mighty, lethally poisoned (-3 -> -28)
A: large, rugged brown scales 3, deformed body, armoured tail, roll, long
tongue, awkward tongue
a: no special abilities


You were on level 2 of the Dungeon.
You visited 1 branch of the dungeon, and saw 2 of its levels.

You collected 121 gold pieces.
You spent 78 gold pieces at shops.

Inventory:

Hand Weapons
 a - a +0 flail (weapon)
 l - a +3 dagger
Missiles
 t - 4 poisoned darts (quivered)
Armour
 b - a +0 scale mail (worn)
 c - a +0 buckler (worn)
 f - a +0 cloak (worn)
 s - a +0 pair of gloves (worn)
Wands
 v - a wand of mindburst (13)
Scrolls
 i - 3 scrolls of identify {unknown}
 j - a scroll of magic mapping {unknown}
 m - a scroll of vulnerability {unknown}
 p - 2 scrolls of enchant armour {unknown}
 r - a scroll of fear {unknown}
 u - 3 scrolls of teleportation
Potions
 d - a potion of might
 e - a potion of haste {unknown}
 g - 2 potions of mutation {unknown}
 h - a potion of lignification {unknown}
 k - a potion of flight {unknown}
 n - a potion of attraction {unknown}
 o - a potion of resistance {unknown}
 q - a potion of heal wounds {unknown}


   Skills:
 + Level 3.2 Fighting
 * Level 2.5 Maces & Flails
 + Level 4.3 Armour
 + Level 0.1 Dodging
 + Level 4.0 Shields
 + Level 0.2 Evocations


You had 3 spell levels left.
You didn't know any spells.
Your spell library contained the following spells:

 Spells                   Type           Power      Damage    Failure   Level
 Inner Flame              Hex/Fire       0%         N/A       98%         3
 Yara's Violent Unravell  Hex/Tmut       0%         3d3       100%        5
 Enfeeble                 Hex            0%         N/A       100%        7


Dungeon Overview and Level Annotations

Branches:
Dungeon (2/15)

Altars:

Shops:
D:2 (?


Innate Abilities, Weirdness & Mutations

You are completely covered in rugged brown scales. (AC +3, +7% HP)
Armour fits poorly on your strangely shaped body.
You have a long armoured tail.
You roll when moving toward enemies. (Rampage)
Your long tongue fully drains potion bottles. (2x potion effects)
Your tongue gives you trouble enunciating. (1.5x scroll delay)


Message History

The gnoll shouts!
Unknown command.
You hear a shout!
A gnoll comes into view. It is wielding a +0 whip.
You roll towards the gnoll!
A gnoll comes into view. It is wielding a +0 whip.
The gnoll shouts!
You block the gnoll's attack.
You hit the gnoll.
The gnoll is lightly wounded.
You barely miss the gnoll.
You feel very mighty all of a sudden.
You slurp down every last drop of the potion of might!
The gnoll barely misses you.
You completely miss the gnoll. The gnoll barely misses you.
The gnoll hits you with a +1 flail of venom.
You are poisoned.
You closely miss the gnoll.
You feel very sick. The gnoll completely misses you.
You barely miss the gnoll.
You feel sick.
The gnoll hits you with a +1 flail of venom.
You hit the gnoll.
The gnoll is moderately wounded.
You feel sick. The gnoll hits you but does no damage.
You are more poisoned.
The gnoll hits you but does no damage.
You are more poisoned.
You barely miss the gnoll.
The gnoll is moderately wounded.
You feel extremely sick.
The gnoll hits you with a +1 flail of venom.
You are more poisoned.
You sock the gnoll! You tail-slap the gnoll.
You kill the gnoll!
* * * LOW HITPOINT WARNING * * *
You feel extremely sick.
You completely miss the gnoll.
The gnoll is lightly wounded.
You die...

.##### #.#.....#.......#
.....###...##..#.......#
...........#...........#
.....##........#.......#
.######.#......#.......#
.# ####.#.##.###.....).#
.# #.......#.# #########
.# #.##.#..#.###########
## #.##.#..#.#..@gg.g..#
## #.##......#.#######..
.# #.####..###.# .#
#.####..###.#
.###...........#
........########
.######.# .# #..# ##
#.##


You could see 3 gnolls.

Vanquished Creatures
  A gnoll (D:2)
  3 adders (D:2)
  4 worms (D:2)
  2 bats
  3 endoplasms
  2 giant cockroaches (D:1)
  6 goblins
  A hobgoblin (D:1)
  4 jackals (D:1)
  2 quokkas
  2 ball pythons (D:1)
  4 frilled lizards (D:1)
  3 kobolds
  A rat (D:1)
38 creatures vanquished.

Notes
Turn   | Place    | Note
-------+----------+-------------------------------------------
     0 | D:1      | seren the Armataur Fighter began the quest for the Orb.
     0 | D:1      | Reached XP level 1. HP: 19/19 MP: 1/1
    63 | D:1      | Reached XP level 2. HP: 18/26 MP: 2/2
   890 | D:2      | Reached XP level 3. HP: 33/33 MP: 3/3
   964 | D:2      | Found Addak's Weapon Shop.
  1056 | D:2      | Found Opubbu Heant's Magic Scroll Emporium.
  1065 | D:2      | Bought a scroll of teleportation for 39 gold pieces
  1065 | D:2      | Bought a scroll of teleportation for 39 gold pieces
  1308 | D:2      | Reached XP level 4. HP: 40/40 MP: 4/4
  1355 | D:2      | Succumbed to a gnoll's poison

Illustrated notes

Levels and vault maps discovered:
D:1:      pf_arrival_petrified_forest, layout_basic, serial_curves,
          eino_curves_04, eino_curves_03, st_stairs_13, serial_bayou_pond_d,
          minmay_three_crescents
D:2:      layout_loops_cross, serial_shops, shop, shop, guppyfry_early_lair_pool

Skill      XL: |  1  2  3 |
---------------+----------+-----
Maces & Flails | 2 |  2.5
Armour         | 4 |  4.3
Fighting       | 3 |  3.2
Shields        | 4 |  4.0
Dodging        | |  0.1
Evocations     | |  0.2

Action                     |  1- 3 |  4- 6 || total
---------------------------+-------+-------++-------
  Melee: Flail             |   130 |    10 ||   140
         Tailslap          |    15 |     2 ||    17
    Use: Potion            |       |     1 ||     1
 Armour: Scale mail        |   107 |     2 ||   109
  Dodge: Dodged            |    59 |     3 ||    62
  Block: Buckler           |    32 |     1 ||    33
